GagarinX, chaotic female elven Ranger @ GagarinX the Reconnoiteress Experience level: 11 Strength: 18 Dexterity: 14 Constitution: 16 Intelligence: 14 Wisdom: 16 Charisma: 7 Health: 0(66) Energy: 68(68) Def: 17 Gold: 462 Moves: 14499 Dungeon seed: 1iGcyMBbOmmqjlrK Game ID: GagarinX_1499172429 Your Inventory: Coins $ - 462 gold pieces Amulets n - an uncursed amulet of reflection (being worn) Weapons a - the uncursed +1 Sting (weapon in hand) b - an uncursed +1 elven bow c - 47 uncursed +2 elven arrows (in quiver) d - 30 uncursed +0 elven arrows Armor r - an uncursed +0 pair of leather gloves (being worn) y - an uncursed +0 orcish helm (being worn) z - an uncursed +0 pair of iron shoes (being worn) B - a blessed +2 elven cloak (being worn) G - an uncursed +0 dwarvish mithril-coat (being worn) Comestibles f - 4 uncursed lembas wafers A - 5 uncursed food rations R - 2 uncursed lizard corpses Scrolls j - 3 uncursed scrolls of teleportation l - a blessed scroll of identify p - a cursed scroll of teleportation t - an uncursed scroll of create monster D - a cursed scroll of blank paper E - an uncursed scroll of blank paper Q - an uncursed scroll of stinking cloud V - an uncursed scroll of fire Potions F - 6 potions of holy water O - 2 uncursed potions of water U - an uncursed potion of fruit juice Rings g - a cursed -1 ring of increase accuracy s - a cursed -1 ring of increase accuracy u - an uncursed ring of levitation H - an uncursed ring of searching Wands h - a blessed wand of striking (0:3) m - an uncursed wand of cold (0:3) v - an uncursed wand of polymorph (0:4) w - an uncursed wand of fire (0:2) x - an uncursed wand of teleportation (0:0) J - an uncursed wand of magic missile (0:1) Tools e - a blessed oil lamp (0:1160) k - an uncursed skeleton key o - an uncursed magic marker (0:99) C - an uncursed tin whistle I - an uncursed lock pick L - an uncursed +0 unicorn horn T - 6 blessed tallow candles (0:200) Gems q - an uncursed touchstone S - 3 uncursed jade stones Y - 2 uncursed topaz stones Z - an uncursed chrysoberyl stone Spells and supernatural/magical abilities: Name Level Category Fail Memory z - sleep 1 enchantment 100% 35% M - magic mapping 5 divination 100% 86% W - pray for help -- divine ? -- Your skills at the end: Fighting Skills Weapon Skills dagger [Expert] bow [Basic] Spellcasting Skills Final Attributes: You were piously aligned. You were fire resistant. You were sleep resistant. You were poison resistant. You were telepathic. You were aware of the presence of orcs. You had automatic searching. You had infravision. You were stealthy. You were swallowed by an air elemental. You were protected. You were fast. You had reflection. You are dead. Vanquished creatures: a stone golem a ghost a giant mimic a large mimic 2 long worms 2 stalkers a glass piercer a warhorse a xan a quantum mechanic 2 trolls a gelatinous cube 2 large dogs 2 flaming spheres a shocking sphere a gargoyle a dwarf king a tengu 3 stone giants a carnivorous ape an ettin zombie a leather golem 2 giant beetles 3 cockatrices 5 wolves 5 leprechauns an iron piercer 3 giant spiders a black light a gnome king 2 brown puddings 2 owlbears a gold golem 3 lizards 6 chickatrices a dog 4 dingos 2 jaguars 2 dwarf lords 5 white unicorns a gray unicorn a dust vortex 2 plains centaurs 2 apes 3 water nymphs 2 mountain nymphs 2 Mordor orcs 6 Uruk-hai an orc shaman 3 rock piercers 4 rock moles a fog cloud 2 yellow lights 4 shriekers a violet fungus 7 gnome lords 5 gnomish wizards a red naga hatchling a black naga hatchling a guardian naga hatchling a gray ooze a straw golem 3 paper golems 2 little dogs 7 floating eyes 9 dwarves a homunculus a kobold lord 9 hill orcs a rothe a rabid rat a centipede 6 giant bats 3 orc zombies 4 iguanas 12 killer bees 7 acid blobs 7 coyotes a gas spore 3 hobbits 19 manes 4 large kobolds 3 hobgoblins 13 giant rats 5 cave spiders 4 brown molds 5 yellow molds 2 green molds 8 red molds 25 gnomes 3 gnome zombies 6 geckos 8 jackals 3 foxes 2 kobolds 5 goblins 8 sewer rats 8 grid bugs 5 bats 8 lichens 2 kobold zombies 10 newts 364 creatures vanquished. Voluntary challenges: You had been an atheist until turn 3161. You used a wielded weapon 670 times, starting on turn 19. You read items or engraved 137 times, starting on turn 1359. You never genocided any monsters. You never polymorphed an object. You never changed form. You used no wishes. You never split a pudding. You wrote Elbereth's name 91 times, starting on turn 2222. You never violated your personal moral code. Dungeon overview: The Dungeons of Doom: levels 1 to 16 Level 1 (Vault) a long staircase Level 2 (Vault) a general store Level 3 Level 4 a wand shop stairs to The Gnomish Mines Level 5 a general store Level 6 (stash with holy water!) Level 7 some fountains Level 8 stairs to Sokoban Level 9 (leprohall) Level 10 Level 11 a temple to Mars Level 12 Level 13 (Quest) portal to The Quest Level 14 Level 15 <- You were here Level 16 The Gnomish Mines: levels 5 to 8 Level 5 stairs to The Dungeons of Doom Level 6 Level 7 Level 8 some shops, a temple to Venus, some fountains The Quest: Level 1 many trees portal to The Dungeons of Doom Sokoban: levels 4 to 7 Level 4 Level 5 Level 6 Level 7 stairs to The Dungeons of Doom History has recorded: On T:1 you entered the Dungeons of Doom to retrieve the Amulet of Yendor! On T:159 you reached level 2 of The Dungeons of Doom. On T:828 you reached level 3 of The Dungeons of Doom. On T:898 you reached level 4 of The Dungeons of Doom. On T:1751 you reached level 5 of The Dungeons of Doom. On T:1758 you advanced to experience level 2. On T:1955 you advanced to experience level 3. On T:1960 you reached level 1 of The Gnomish Mines. On T:2126 you advanced to experience level 4. On T:2419 you advanced to experience level 5. On T:2498 you reached level 2 of The Gnomish Mines. On T:2700 you reached level 3 of The Gnomish Mines. On T:2939 you reached level 4 of The Gnomish Mines. On T:2965 you advanced to experience level 6. On T:4485 you advanced to experience level 7. On T:4675 you reached level 6 of The Dungeons of Doom. On T:6118 you reached level 7 of The Dungeons of Doom. On T:6173 you reached level 8 of The Dungeons of Doom. On T:6509 you reached level 9 of The Dungeons of Doom. On T:6553 you reached level 4 of Sokoban. On T:6938 you advanced to experience level 8. On T:7310 you reached level 3 of Sokoban. On T:7791 you reached level 2 of Sokoban. On T:8139 you reached level 1 of Sokoban. On T:10224 you reached level 10 of The Dungeons of Doom. On T:10484 you advanced to experience level 9. On T:10546 you reached level 11 of The Dungeons of Doom. On T:10555 you advanced to experience level 10. On T:11273 you reached level 12 of The Dungeons of Doom. On T:11483 you reached level 13 of The Dungeons of Doom. On T:12906 you reached level 1 of The Quest. On T:13079 you reached level 14 of The Dungeons of Doom. On T:14128 you reached level 15 of The Dungeons of Doom. On T:14354 you advanced to experience level 11. On T:14488 you reached level 16 of The Dungeons of Doom. Score breakdown: Gold: 462 ( 9067 points) Experience: 11 levels (17616 points) Exploration: 16 levels ( 34.04%) (17131 points) Discoveries: 44 items ( 15.17%) (11685 points) Valuables value: (no points given unless you survive) Artifact value: 800 ( 9877 points) Variety of kills: 102 monsters ( 26.77%) (15522 points) Turncount: 14499 turns (-2927 points) Survival: died (score multiplied by 80%) Total score: 62376 Latest messages: Your lamp is now on. You hit the air elemental! The air elemental just misses! The air elemental engulfs you! Your oil lamp goes out! You are pummeled with debris! You hit the air elemental! You are pummeled with debris! (3x) You hit the air elemental! You are pummeled with debris! (3x) Never mind. You hit the air elemental! You are pummeled with debris! You hit the air elemental! You are pummeled with debris! (2x) You are pummeled with debris! (3x) You die... Final status: Goodbye GagarinX the Ranger, killed by an air elemental... You died in The Dungeons of Doom on dungeon level 15 with 62376 points, and 462 pieces of gold, after 14499 moves. You were level 11 with a maximum of 66 hit points when you died.